 Dungeon Crawl Stone Soup version 0.23.0 (webtiles) character file.

Game seed: 4170982962445556972

179 loopi the Chopper (level 5, -3/42 HPs)
             Began as a Minotaur Gladiator on Feb 24, 2019.
             Slain by an ice beast (5 damage)
             ... on level 3 of the Dungeon.
             The game lasted 00:07:37 (1958 turns).

loopi the Chopper (Minotaur Gladiator)              Turns: 1958, Time: 00:07:37

Health: -3/42      AC:  5    Str: 20    XL:     5   Next: 33%
Magic:  4/4        EV: 12    Int:  5    God:
Gold:   130        SH:  0    Dex: 14    Spells: 4/4 levels left

rFire    + . .     SeeInvis .   a - +0 war axe
rCold    + . .     Gourm    .   (no shield)
rNeg     . . .     Faith    .   s - +0 ring mail
rPois    +         Spirit   .   c - +0 hat
rElec    +         Reflect  .   (no cloak)
rCorr    +         Harm     .   (no gloves)
MR       .....                  (no boots)
Stlth    +.........             (no amulet)
HPRegen  0.14/turn              v - +3 ring of dexterity
MPRegen  0.09/turn              (no ring)

@: resistant, flying, very slightly contaminated, slowed, invisible, very slow
A: retaliatory headbutt, horns 2
a: no special abilities


You were on level 3 of the Dungeon.
You were not hungry.

You visited 1 branch of the dungeon, and saw 3 of its levels.

You collected 130 gold pieces.

Inventory:

Hand Weapons
 a - a +0 war axe (weapon)
 l - a +0 spear of venom
 o - a +0 hunting sling
 q - a +0 mace
Missiles
 d - a throwing net (quivered)
 i - 20 bolts
 m - 19 poisoned needles
 p - 38 stones
 w - 7 tomahawks
Armour
 b - a +0 leather armour
 c - a +0 hat (worn)
 s - a +0 ring mail (worn)
 u - a +2 scale mail of cold resistance
Jewellery
 v - a +3 ring of dexterity (left hand)
Wands
 e - a wand of random effects (7)
Scrolls
 j - 2 scrolls of remove curse {unknown}
 k - a scroll of teleportation {unknown}
 n - 2 scrolls of enchant armour {unknown}
 t - 2 scrolls of immolation {unknown}
Comestibles
 f - 7 rations
 g - 5 chunks of flesh


   Skills:
 - Level 2.4 Fighting
 - Level 6.0 Axes
 - Level 2.0 Throwing
 + Level 4.0 Armour
 - Level 3.2 Dodging


You had 4 spell levels left.
You didn't know any spells.
Your spell library contained the following spells:

 Spells                   Type           Power        Failure   Level  Hunger
 Confusing Touch          Hex            #.....       65%         1    ##.....
 Confuse                  Hex            #.......     95%         3    ####...
 Gell's Gravitas          Tloc           #.........   95%         3    ####...
 Petrify                  Tmut/Erth      #.......     100%        4    #####..
 Metabolic Englaciation   Hex/Ice        #.........   100%        5    ######.
 Yara's Violent Unravell  Hex/Tmut       #.........   100%        5    ######.


Dungeon Overview and Level Annotations

Branches:
Dungeon (3/15)

Altars:
Hepliaklqana


Innate Abilities, Weirdness & Mutations

You reflexively headbutt those who attack you in melee.
You have a pair of horns on your head.


Message History

* * * LOW HITPOINT WARNING * * *
The ice beast closely misses you. You furiously retaliate!
You headbutt the ice beast!
Unknown command.
Throwing (i - inventory. (/) - cycle)
d - 3 throwing nets (quivered)
Press: ? - help, Shift-Dir - straight line, f - ice beast
Aim: an ice beast (almost dead)
You throw a throwing net.
The throwing net barely misses the ice beast.
The ice beast hits you but does no damage. x2
Unknown command.
Throwing (i - inventory. (/) - cycle)
d - 2 throwing nets (quivered)
Press: ? - help, Shift-Dir - straight line, f/p - ice beast
Aim: an ice beast (almost dead)
You throw a throwing net.
The throwing net closely misses the ice beast.
The ice beast hits you.
* * * LOW HITPOINT WARNING * * *
The ice beast freezes you. You resist.
You die...

....... ....###
#. .#.#<
......# #. ...
..#.#.####. #.#
#.#.....[ #%#
#.#.....) #o#
#>....... #K#
#........ #Y#
##........ #@#
#......... #.#
##.#....... #.#
#.......... #.#
#...#.<.... #.#
#...##..... #.#
#...####### #.#
##÷..#
####.#####....#
#.....÷....####


You could see an ice beast, an orc and a kobold.

Vanquished Creatures
  Ijyb (D:3)
  Natasha (twice) (D:3)
  3 adders
  2 worms (D:3)
  4 dart slugs
  A leopard gecko (D:3)
  5 giant cockroaches
  7 goblins
  8 hobgoblins
  4 jackals (D:2)
  3 ball pythons
  7 bats
  2 frilled lizards
  9 kobolds
  7 rats
65 creatures vanquished.

Notes
Turn   | Place    | Note
-------+----------+-------------------------------------------
     0 | D:1      | loopi the Minotaur Gladiator began the quest for the Orb.
     0 | D:1      | Reached XP level 1. HP: 18/18 MP: 0/0
    47 | D:1      | Reached skill level 4 in Axes
   238 | D:1      | Reached XP level 2. HP: 24/25 MP: 1/1
   597 | D:2      | Reached skill level 5 in Axes
   653 | D:2      | Reached XP level 3. HP: 7/30 MP: 2/2
   931 | D:2      | Found a hazy altar of Hepliaklqana.
  1186 | D:2      | Found a faded altar of an unknown god.
  1544 | D:2      | Reached XP level 4. HP: 35/37 MP: 3/3
  1545 | D:2      | Reached skill level 6 in Axes
  1709 | D:3      | Reached skill level 1 in Armour
  1727 | D:3      | Noticed Ijyb
  1743 | D:3      | Killed Ijyb
  1795 | D:3      | Noticed Natasha
  1806 | D:3      | Killed Natasha
  1806 | D:3      | Reached XP level 5. HP: 28/42 MP: 4/4
  1929 | D:3      | Noticed Natasha
  1935 | D:3      | Noticed an ice beast
  1951 | D:3      | Killed Natasha
  1958 | D:3      | HP: 2/42 [ice beast (2)]
  1958 | D:3      | Slain by an ice beast

Skill      XL: |  1  2  3  4  5 |
---------------+----------------+-----
Axes           | 4 5 6 |  6.0
Armour         | 3 4 |  4.0
Fighting       | |  2.4
Throwing       | |  2.0
Dodging        | |  3.2

Action                   |  1- 3 |  4- 6 || total
-------------------------+-------+-------++-------
Melee: War axe           |    83 |    47 ||   130
       Headbutt          |    15 |     8 ||    23
       Spear             |     2 |     2 ||     4
Throw: Throwing net      |       |     4 ||     4
  Use: Scroll            |     1 |     2 ||     3
       Potion            |       |     4 ||     4
 Stab: Sleeping          |     1 |       ||     1
       Invisible         |       |     3 ||     3
  Eat: Chunk             |     2 |     1 ||     3
Armor: Leather armour    |    13 |     8 ||    21
       Ring mail         |       |     5 ||     5
Dodge: Dodged            |    71 |    33 ||   104
